AoeStats
← 小肥羊

Fortress

510123871Analyzed
4v4 RM · 4d ago on Sep 29, 2026· 53m 15s· 8 players
Game mode
Random Map
Map size
Huge
Population
200
Speed
Normal
Resources
Standard
Victory
Conquest
Starting age
Dark Age
Ending age
Imperial Age
RankedLock teamsTeams togetherTeam positionsShared explorationLock speedFull tech treeHidden civsTurbo modeCheats
Victory
Defeat
🇨🇳 Varangians · China
1273
+16
🇨🇳 Celts · China
1267
+17
🇨🇳 Cumans · China
1213
+19
🇦🇷 Lithuanians · Argentina
1305
-18
🇦🇺 Bengalis · Australia
1288
-17
🇬🇷 Maya · Greece
1279
-17
🇲🇽 Khmer · Mexico
1246
-15
休眠玩家 精锐条顿骑士 一步杀十人
7:14 Feudal Age
10:55 Castle Age
8:39 Horse Collar
9:09 Double-Bit Axe
10:51 Loom
11:50 Heavy Plow
12:04 Bow Saw
17:52 Wheelbarrow
17:03 Town Watch
19:34 Hand Cart
25:41 Imperial Age
23:48 Squires
25:05 Wagenburg Tactics
26:55 Chemistry
27:47 Padded Archer Armor
27:50 Scale Mail Armor
27:14 Pikeman
29:12 Leather Archer Armor
29:36 Conscription
30:41 Arson
30:39 Elite Skirmisher
31:46 Chain Mail Armor
32:04 Halberdier
33:49 Ring Archer Armor
33:49 Plate Mail Armor
34:21 Elite Hussite Wagon
37:39 Houfnice
43:27 Siege Engineers
46:10 Coinage
45:51 Guilds
45:43 Caravan
47:03 Fortified Wall
49:03 Ballistics
49:52 Forging
51:55 Two-Man Saw
51:33 Coinage
51:07 Fletching
51:44 Bodkin Arrow
52:50 Bracer
53:25 Iron Casting
念
7:03 Feudal Age
10:58 Castle Age
9:09 Double-Bit Axe
9:15 Horse Collar
12:27 Bow Saw
18:13 Wheelbarrow
17:35 Loom
17:41 Town Watch
20:26 Hand Cart
22:09 Gold Mining
22:10 Stone Mining
22:23 Heavy Plow
25:31 Imperial Age
25:16 Scale Mail Armor
25:27 Forging
25:53 Fortified Wall
25:53 Masonry
25:53 Onager
26:30 Capped Ram
28:00 Siege Onager
29:28 Gold Shaft Mining
29:32 Stone Shaft Mining
29:34 Conscription
29:32 Siege Ram
31:57 Chemistry
33:57 Siege Engineers
34:53 Chain Mail Armor
35:14 Iron Casting
34:25 Pikeman
34:51 Arson
36:11 Plate Mail Armor
36:18 Iron Casting
35:30 Halberdier
42:51 Caravan
43:22 Coinage
43:02 Guilds
50:52 Banking
50:25 Fletching
51:35 Blast Furnace
51:36 Sappers
52:19 Furor Celtica
52:26 Bodkin Arrow
52:31 Murder Holes
52:57 Ballistics
53:51 Hoardings
icu monster
7:50 Feudal Age
9:04 Horse Collar
9:23 Double-Bit Axe
11:51 Castle Age
10:33 Gold Mining
12:28 Wheelbarrow
13:06 Heavy Plow
13:22 Bow Saw
14:29 Loom
14:29 Town Watch
20:08 Husbandry
21:58 Scale Barding Armor
22:07 Forging
22:25 Hand Cart
23:14 Bloodlines
23:56 Iron Casting
29:13 Imperial Age
27:29 Stone Mining
29:43 Vendel Legacy
31:53 Blast Furnace
30:38 Cavalier
31:42 Conscription
32:03 Elite Jarl
33:43 Stone Shaft Mining
36:25 Scale Barding Armor
38:33 Chain Barding Armor
37:49 Light Cavalry
39:43 Crop Rotation
40:01 Plate Barding Armor
43:59 Hussar
46:00 Two-Man Saw
45:08 Caravan
哈撒韦
5:58 Feudal Age
6:34 Double-Bit Axe
6:53 Horse Collar
11:03 Wheelbarrow
15:36 Castle Age
15:04 Gold Mining
17:02 Bow Saw
17:18 Stone Mining
20:17 Imperial Age
17:46 Loom
18:32 Fletching
18:56 Bloodlines
19:39 Gold Shaft Mining
20:04 Bodkin Arrow
20:10 Padded Archer Armor
20:17 Heavy Plow
21:32 Conscription
21:47 Leather Archer Armor
26:16 Ring Archer Armor
26:54 Thumb Ring
27:16 Parthian Tactics
27:55 Chemistry
27:15 Ballistics
28:18 Hand Cart
28:38 Masonry
30:02 Two-Man Saw
30:42 Crop Rotation
31:08 Hoardings
30:50 Elite Kipchak
33:47 Scale Barding Armor
33:53 Forging
34:02 Steppe Husbandry
37:21 Capped Ram
40:12 Chain Barding Armor
40:28 Iron Casting
39:47 Siege Ram
40:11 Light Cavalry
43:14 Plate Barding Armor
43:40 Blast Furnace
42:53 Hussar
43:46 Hussar
45:10 Caravan
小肥羊
7:36 Feudal Age
11:16 Castle Age
9:01 Horse Collar
9:29 Double-Bit Axe
16:07 Heavy Plow
18:47 Bow Saw
19:44 Wheelbarrow
21:22 Hand Cart
21:36 Bloodlines
21:27 Husbandry
22:38 Scale Barding Armor
22:44 Forging
24:01 Loom
24:08 Fletching
24:51 Bodkin Arrow
25:17 Hill Forts
28:35 Imperial Age
27:17 Gold Mining
28:32 Chain Barding Armor
28:47 Iron Casting
28:56 Padded Archer Armor
29:02 Stone Mining
29:47 Guilds
30:51 Plate Barding Armor
31:04 Elite Leitis
32:05 Conscription
33:32 Light Cavalry
34:39 Elite Skirmisher
35:26 Thumb Ring
37:08 Squires
36:29 Pikeman
37:17 Padded Archer Armor
37:18 Bracer
37:19 Scale Mail Armor
37:24 Winged Hussar
37:30 Halberdier
38:17 Caravan
38:12 Capped Ram
40:09 Two-Man Saw
40:04 Town Watch
40:38 Chain Mail Armor
46:35 Coinage
47:13 Chemistry
46:24 Masonry
46:35 Ballistics
46:53 Treadmill Crane
47:34 Leather Archer Armor
48:44 Tower Shields
49:21 Hoardings
50:03 Ring Archer Armor
50:03 Cavalier
52:05 Architecture
52:04 Bombard Tower
51:18 Paladin
Madeft
0:38 Loom
8:59 Feudal Age
11:34 Wheelbarrow
11:22 Horse Collar
11:31 Double-Bit Axe
14:10 Castle Age
15:16 Hand Cart
25:40 Fletching
25:51 Padded Archer Armor
26:39 Gold Mining
26:41 Stone Mining
27:02 Bow Saw
31:18 Imperial Age
29:51 Bodkin Arrow
30:12 Leather Archer Armor
31:52 Stone Shaft Mining
31:24 Scale Mail Armor
31:37 Forging
32:06 Masonry
32:15 Bracer
33:23 Conscription
33:10 Elite Plumed Archer
35:50 Chemistry
35:11 Ballistics
36:00 Ring Archer Armor
38:45 Chain Mail Armor
39:17 Thumb Ring
41:49 Hul'che Javelineers
41:52 Squires
41:37 Arson
41:13 Pikeman
41:14 Eagle Warrior
43:13 Holcans
43:30 Elite Eagle Warrior
44:28 Halberdier
45:06 Elite Skirmisher
49:08 Caravan
Rata Preñadora
7:11 Feudal Age
8:00 Loom
11:12 Castle Age
9:24 Double-Bit Axe
9:35 Horse Collar
10:11 Gold Mining
13:03 Wheelbarrow
17:57 Hand Cart
17:58 Bow Saw
19:51 Heavy Plow
26:09 Imperial Age
25:07 Ballistics
26:29 Capped Ram
27:15 Double Crossbow
27:36 Conscription
28:25 Caravan
28:45 Siege Ram
35:50 Bloodlines
35:41 Husbandry
37:12 Cavalier
38:28 Light Cavalry
47:13 Fletching
48:20 Scale Barding Armor
48:26 Forging
khadu626
7:25 Feudal Age
11:13 Castle Age
9:25 Double-Bit Axe
9:55 Horse Collar
13:33 Bow Saw
16:12 Wheelbarrow
17:35 Heavy Plow
24:18 Imperial Age
21:49 Loom
23:25 Fletching
23:36 Padded Archer Armor
24:40 Bodkin Arrow
25:21 Leather Archer Armor
25:38 Conscription
27:24 Hand Cart
29:34 Husbandry
30:28 Bloodlines
29:38 Light Cavalry
30:51 Scale Barding Armor
33:38 Chain Barding Armor
35:52 Town Watch
37:08 Two-Man Saw
36:50 Plate Barding Armor
38:05 Forging
38:27 Ring Archer Armor
37:58 Bracer
43:06 Redemption
43:36 Crop Rotation
43:42 Iron Casting
43:11 Elite Skirmisher
44:23 Ballistics
45:03 Chemistry
46:12 Blast Furnace
Connection lost

Rejoining the realm…

Still unreachable

The connection could not be restored.

Session expired

The server has moved on; the page needs a fresh start.